 Dungeon Crawl Stone Soup version 0.29.0-4-gdea44cf6ec (webtiles) character file.

Game seed: 18050253279094690299

63 qw the Ruffian (level 4, -5/35 HPs)
             Began as a Ghoul Fire Elementalist on Aug 29, 2022.
             Slain by an iguana (10 damage)
             ... on level 4 of the Dungeon.
             The game lasted 00:02:12 (3078 turns).

qw the Ruffian (Ghoul Fire Elementalist)            Turns: 3078, Time: 00:02:13

Health: -5/35      AC: 12    Str: 13    XL:     4   Next: 10%
Magic:  5/5        EV:  3    Int: 10    God:
Gold:   1          SH:  0    Dex:  9    Spells: 5/6 levels left

rFire   . . .      SeeInvis .     - Unarmed
rCold   + . .      Faith    .   (no shield)
rNeg    + + +      Spirit   .   f - +0 plate armour
rPois   inf        Reflect  .   c - +0 helmet
rElec   .          Harm     .   d - +0 cloak
rCorr   .          Rampage  .   (no gloves)
Will    .....                   (no boots)
Stlth   ..........              (no amulet)
HPRegen 0.00/turn               (no ring)
MPRegen 0.09/turn               (no ring)

@: inhibited regen
A: claws 1, cold resistance 1, negative energy resistance 3, inhibited
regeneration, torment resistance 2, devour on kill
a: no special abilities


You were on level 4 of the Dungeon.
You visited 1 branch of the dungeon, and saw 4 of its levels.

You collected 70 gold pieces.
You spent 69 gold pieces at shops.


Innate Abilities, Weirdness & Mutations

You are immune to poison.
You have sharp fingernails.
Your flesh is cold resistant. (rC+)
You are immune to negative energy. (rN+++)
You do not regenerate when monsters are visible.
You are immune to unholy pain and torment.
You thrive by killing the living.


   Skills:
 - Level 1.0 Fighting
 - Level 1.0 Armour
 - Level 1.7 Dodging
 - Level 2.1 Stealth
 + Level 3.3 Unarmed Combat
 - Level 1.7 Spellcasting
 - Level 0.7 Conjurations
 - Level 2.4 Fire Magic


You had 5 spell levels left.
You knew the following spells:

 Your Spells              Type           Power      Damage    Failure   Level
a - Foxfire               Conj/Fire      16%        2x1d4     100%        1

Your spell library contained the following spells:

 Spells                   Type           Power      Damage    Failure   Level
 Scorch                   Fire           10%        2d6       100%        2
 Conjure Flame            Conj/Fire      4%         6-21      100%        3
 Inner Flame              Hex/Fire       3%         N/A       100%        3
 Flame Wave               Conj/Fire      4%         2d5       100%        4

Inventory:

Armour
 c - a +0 helmet (worn)
 d - a +0 cloak (worn)
 f - a +0 plate armour (worn)
Scrolls
 Y - a scroll of identify
Potions
 a - a potion of mutation
 h - a potion of curing

Dungeon Overview and Level Annotations

Branches:
Dungeon (4/15)
 Temple: D:4-7

Altars:

Shops:
D:3 ?:*=*

Annotations:
D:4 1 runed translucent door, Crazy Yiuf


Message History

An iguana is nearby!
The iguana hisses angrily.
You scratch the iguana but do no damage.
The iguana is lightly wounded.
The iguana bites you!
You scratch the iguana.
The iguana is moderately wounded.
The iguana bites you.
You completely miss the iguana.
The iguana is moderately wounded.
The iguana barely misses you.
You scratch the iguana but do no damage.
You claw the iguana, but do no damage.
The iguana is moderately wounded.
The iguana bites you but does no damage.
You scratch the iguana.
The iguana is severely wounded.
The iguana bites you but does no damage.
You scratch the iguana.
The iguana is almost dead.
The iguana bites you but does no damage.
You scratch the iguana but do no damage.
The iguana is almost dead.
The iguana bites you but does no damage.
You barely miss the iguana.
The iguana is almost dead.
The iguana bites you but does no damage.
You barely miss the iguana.
The iguana is almost dead.
You scratch the iguana but do no damage.
Your claw misses the iguana.
The iguana is almost dead.
The iguana bites you.
You closely miss the iguana.
The iguana is almost dead.
The iguana bites you.
You closely miss the iguana.
The iguana is almost dead.
The iguana bites you!
You die...

#########.#.#####.......
......>...#.#...........
#####.............#.##
#.#####...###.#.# #)#
##### #.#.# #.# #.#.#
#.# #.#.## #l# #.#.. #@#
#.#.. #.# #.#.# #.#
#.#.## #.# #..... #!#
#...## #.# #....# #.#
#.#..# ..# #.#<.# #.....


You could see an iguana.

Vanquished Creatures
  An ufetubus (D:4)
  A worm (D:2)
  3 dart slugs (D:1)
  2 orcs (D:3)
  6 endoplasms
  2 giant cockroaches
  4 goblins
  4 hobgoblins
  3 kobolds (D:2)
  4 quokkas
  4 ball pythons
  2 bats
  A frilled lizard (D:1)
  5 rats
42 creatures vanquished.

Notes
Turn   | Place    | Note
-------+----------+-------------------------------------------
     0 | D:1      | qw the Ghoul Fire Elementalist began the quest for the Orb.
     0 | D:1      | Reached XP level 1. HP: 14/14 MP: 2/2
     0 | D:1      | 0 ||| qw: Version: 0.1-a-90-g952f4b7
     0 | D:1      | 0 ||| qw: Game counter: 3976
     0 | D:1      | 0 ||| qw: Always use a shield: true
     0 | D:1      | 0 ||| qw: God list: Okawaru
     0 | D:1      | 0 ||| qw: Allow faded altars: false
     0 | D:1      | 0 ||| qw: Do Orc after D:15 true
     0 | D:1      | 0 ||| qw: Do second Lair branch before Depths: true
     0 | D:1      | 0 ||| qw: Lair rune preference: random
     0 | D:1      | 0 ||| qw: Plans: Normal
     0 | D:1      | 0 ||| PLANNING D:1-11
    96 | D:1      | Reached skill level 1 in Unarmed Combat
   238 | D:1      | Reached skill level 1 in Fighting
   238 | D:1      | Reached XP level 2. HP: 23/23 MP: 3/3
   299 | D:1      | 299 ||| Stepping ~*~*~tactically~*~*~ (hiding).
   544 | D:1      | Found a faded altar of an unknown god.
   797 | D:1      | 797 ||| UPGRADING to +0 helmet.
   802 | D:1      | 802 ||| UPGRADING to +0 ring mail.
   812 | D:1      | 812 ||| DROPPING +0 robe.
   813 | D:1      | 813 ||| READING scroll labelled QEPTU MOCKUA.
   814 | D:1      | 814 ||| READING scroll labelled RORPHU RENO.
   815 | D:1      | 815 ||| READING scroll labelled UXKASHRENWA.
   820 | D:1      | 820 ||| DROPPING potion of magic.
   851 | D:2      | Reached skill level 2 in Unarmed Combat
  1140 | D:2      | Reached XP level 3. HP: 28/28 MP: 4/4
  1257 | D:2      | 1257 ||| Stepping ~*~*~tactically~*~*~ (outnumbered).
  1370 | D:2      | 1370 ||| Stepping ~*~*~tactically~*~*~ (stealth).
  1402 | D:2      | 1402 ||| FLEEEEING.
  1403 | D:2      | 1403 ||| FLEEEEING.
  1406 | D:2      | 1406 ||| FLEEEEING.
  1407 | D:2      | 1407 ||| FLEEEEING.
  1408 | D:2      | 1408 ||| FLEEEEING.
  1409 | D:2      | 1409 ||| FLEEEEING.
  1410 | D:2      | 1410 ||| FLEEEEING.
  1411 | D:2      | 1411 ||| FLEEEEING.
  1412 | D:2      | 1412 ||| FLEEEEING.
  1414 | D:2      | 1414 ||| FLEEEEING.
  1415 | D:2      | 1415 ||| FLEEEEING.
  1416 | D:2      | 1416 ||| FLEEEEING.
  1707 | D:2      | Reached skill level 3 in Unarmed Combat
  1912 | D:2      | 1912 ||| UPGRADING to +0 chain mail.
  1922 | D:2      | 1922 ||| UPGRADING to +0 cloak.
  1927 | D:2      | 1927 ||| DROPPING +0 ring mail.
  1928 | D:2      | 1928 ||| UPGRADING to +0 plate armour.
  1938 | D:2      | 1938 ||| DROPPING +0 chain mail.
  1939 | D:2      | 1939 ||| READING scroll labelled ANUCWA GUOR.
  1996 | D:3      | 1996 ||| STAIRDANCE
  2002 | D:3      | 2002 ||| STAIRDANCE
  2010 | D:3      | 2010 ||| STAIRDANCE
  2126 | D:3      | Found Voruneug's Jewellery Boutique.
  2130 | D:3      | 2130 ||| SHOPLISTING +4 ring of evasion (396 gold, have
                  | 55).
  2130 | D:3      | 2130 ||| SHOPLISTING +4 ring of slaying (858 gold, have
                  | 55).
  2130 | D:3      | 2130 ||| SHOPLISTING amulet of the acrobat (330 gold, have
                  | 55).
  2130 | D:3      | 2130 ||| SHOPLISTING ring of fire (275 gold, have 55).
  2130 | D:3      | 2130 ||| SHOPLISTING ring of ice (275 gold, have 55).
  2130 | D:3      | 2130 ||| SHOPLISTING ring of protection from cold (275
                  | gold, have 55).
  2130 | D:3      | 2130 ||| SHOPLISTING ring of see invisible (165 gold, have
                  | 55).
  2136 | D:3      | Identified the +10 falchion of Iqyd {venom, Int+3}
  2147 | D:3      | Found Emosuffu's Assorted Antiques.
  2153 | D:3      | 2153 ||| SHOPLISTING knobbly cabochon ring (130 gold, have
                  | 55).
  2153 | D:3      | 2153 ||| BUYING scroll labelled OBAUGO MEAKUE (26 gold).
  2153 | D:3      | Bought a scroll labelled OBAUGO MEAKUE for 26 gold pieces
  2153 | D:3      | 2153 ||| BUYING scroll labelled OBAUGO MEAKUE (26 gold).
  2153 | D:3      | Bought a scroll labelled OBAUGO MEAKUE for 26 gold pieces
  2153 | D:3      | 2153 ||| SHOPLISTING scroll labelled URGHAKO XEGOL (26
                  | gold, have 3).
  2153 | D:3      | 2153 ||| SHOPLISTING tiny soapstone amulet (130 gold, have
                  | 3).
  2254 | D:3      | Found Ciesoig's Book Boutique.
  2272 | D:3      | Reached skill level 1 in Armour
  2282 | D:3      | Found Unafar's Magic Scroll Shoppe.
  2290 | D:3      | 2290 ||| SHOPLISTING scroll of enchant armour (97 gold,
                  | have 18).
  2290 | D:3      | 2290 ||| SHOPLISTING scroll of identify (26 gold, have 18).
  2290 | D:3      | 2290 ||| SHOPLISTING scroll of teleportation (39 gold, have
                  | 18).
  2325 | D:3      | Found Nysiag's Assorted Antiques.
  2334 | D:3      | 2334 ||| BUYING fizzy clear potion (17 gold).
  2334 | D:3      | Bought a fizzy clear potion for 17 gold pieces
  2334 | D:3      | 2334 ||| SHOPLISTING purple potion (17 gold, have 1).
  2334 | D:3      | 2334 ||| SHOPLISTING scroll labelled PERGHI TEFIX (19 gold,
                  | have 1).
  2334 | D:3      | 2334 ||| SHOPLISTING scroll of teleportation (57 gold, have
                  | 1).
  2334 | D:3      | 2334 ||| SHOPLISTING smoky amethyst potion (17 gold, have
                  | 1).
  2589 | D:3      | 2589 ||| READING 6 scrolls labelled OBAUGO MEAKUE.
  2590 | D:3      | 2590 ||| DRINKING 2 purple potions.
  2591 | D:3      | 2591 ||| DRINKING 2 smoky amethyst potions.
  2592 | D:3      | 2592 ||| READING 5 scrolls of identify.
  2592 | D:3      | 2592 ||| IDENTIFYING bubbling white potion
  2593 | D:3      | 2593 ||| READING 4 scrolls of identify.
  2593 | D:3      | 2593 ||| IDENTIFYING black potion
  2594 | D:3      | 2594 ||| READING 3 scrolls of identify.
  2594 | D:3      | 2594 ||| IDENTIFYING fizzy clear potion
  2595 | D:3      | 2595 ||| READING 2 scrolls of identify.
  2595 | D:3      | 2595 ||| IDENTIFYING orange potion
  2596 | D:3      | 2596 ||| DROPPING potion of flight.
  2597 | D:3      | 2597 ||| DROPPING potion of attraction.
  2598 | D:3      | 2598 ||| DROPPING potion of degeneration.
  2599 | D:3      | 2599 ||| DROPPING potion of berserk rage.
  2649 | D:4      | Reached XP level 4. HP: 30/35 MP: 5/5
  2722 | D:4      | Found a runed translucent door.
  2723 | D:4      | Noticed Crazy Yiuf
  2826 | D:4      | HP: 6/35 [iguana (7)]
  2827 | D:4      | 2827 ||| READING 2 scrolls of teleportation.
  2828 | D:4      | 2828 ||| Stepping ~*~*~tactically~*~*~ (outnumbered).
  2829 | D:4      | 2829 ||| Stepping ~*~*~tactically~*~*~ (outnumbered).
  2830 | D:4      | 2830 ||| Stepping ~*~*~tactically~*~*~ (outnumbered).
  2831 | D:4      | 2831 ||| Stepping ~*~*~tactically~*~*~ (outnumbered).
  2831 | D:4      | HP: 3/35 [iguana (3)]
  2832 | D:4      | 2832 ||| READING scroll of teleportation.
  3077 | D:4      | HP: 5/35 [iguana (5)]
  3078 | D:4      | Slain by an iguana

Levels and vault maps discovered:
D:1:      dpeg_arrival_round_b, layout_loops_cross,
          shapermc_ecumenical_altar_mp_vishouse
D:2:      layout_loops_corners, nicolae_elevator_lobby_plus
D:3:      layout_loops_ring, serial_shops, nicolae_diamond_shop, shop,
          nicolae_shop_trees, shop, shop, minmay_hedge_maze
D:4:      layout_loops_ring, mainiacjoe_overflow_six_doors_small,
          uniq_blork_the_orc, uniq_pargi, uniq_crazy_yiuf_cottage, uniq_edmund

Skill      XL: |  1  2  3 |
---------------+----------+-----
Unarmed Combat | 1 2 3 |  3.3
Fighting       | 1 |  1.0
Armour         | 1 |  1.0
Dodging        | |  1.7
Stealth        | |  2.1
Spellcasting   | |  1.7
Conjurations   | |  0.7
Fire Magic     | |  2.4

Action                   |  1- 3 |  4- 6 || total
-------------------------+-------+-------++-------
Melee: Unarmed           |   145 |    21 ||   166
       Punch             |       |     1 ||     1
  Use: Scroll            |     9 |     2 ||    11
       Potion            |     2 |       ||     2
Armor: Robe              |    15 |       ||    15
       Ring mail         |    16 |       ||    16
       Plate armour      |    31 |     9 ||    40
Dodge: Dodged            |    50 |     3 ||    53

Table legend:
 A = Non-vault XP
 B = Vault XP
 C = Vault XP percentage of total XP
 D = Non-vault monster count
 E = Vault monster count
 F = Vault count percentage of total count
                 A         B        C        D         E       F
            +---------+---------+-------+---------+---------+-------
      Total |      91 |       0 |   0.0 |      42 |       0 |   0.0
            +---------+---------+-------+---------+---------+-------
        D:1 |      22 |       0 |   0.0 |      11 |       0 |   0.0
        D:2 |      39 |       0 |   0.0 |      19 |       0 |   0.0
        D:3 |      18 |       0 |   0.0 |       9 |       0 |   0.0
        D:4 |      12 |       0 |   0.0 |       3 |       0 |   0.0
            +---------+---------+-------+---------+---------+-------
